 Dungeon Crawl Stone Soup version 0.28-a0-724-g66f9036eb4 (webtiles) character file.

Game seed: 12585077737241704809

226 flotson the Sneak (level 5, -1/44 HPs)
             Began as a Demonspawn Delver on Oct 26, 2021.
             Slain by Grinder (3 damage)
             ... on level 4 of the Dungeon.
             The game lasted 00:05:07 (3162 turns).

flotson the Sneak (Demonspawn Delver)               Turns: 3162, Time: 00:05:08

Health: -1/44      AC:  6    Str: 13    XL:     5   Next: 69%
Magic:  5/5        EV: 15    Int: 12    God:
Gold:   113        SH:  0    Dex: 14    Spells: 4/4 levels left

rFire   . . .      SeeInvis .   j - +0 quarterstaff
rCold   . . .      Faith    .   (shield currently unavailable)
rNeg    . . .      Spirit   .   o - +0 ring mail
rPois   .          Reflect  .   (no helmet)
rElec   .          Harm     .   (no cloak)
rCorr   .          Rampage  .   (no gloves)
Will    .....                   (no boots)
Stlth   ++........              (no amulet)
HPRegen 0.14/turn               h - +4 ring of evasion
MPRegen 0.18/turn               (no ring)

@: mighty, brilliant
A: rugged brown scales 1, magic regeneration
a: no special abilities


You were on level 4 of the Dungeon.
You visited 1 branch of the dungeon, and saw 5 of its levels.

You collected 113 gold pieces.

Inventory:

Hand Weapons
 a - a +0 hand axe
 i - a +0 trident
 j - a +0 quarterstaff (weapon)
Missiles
 b - a poisoned dart (quivered)
Armour
 o - a +0 ring mail (worn)
Jewellery
 h - a +4 ring of evasion (left hand)
 p - a ring of ice
 q - a ring of wizardry
Wands
 d - a wand of flame (13)
 g - a wand of digging (2)
Scrolls
 c - 4 scrolls of fog
 f - a scroll of magic mapping
 k - a scroll of amnesia {unknown}
 l - a scroll of fear
 n - a scroll of immolation {unknown}


   Skills:
 + Level 4.3 Fighting
 + Level 1.8 Axes
 + Level 0.2 Throwing
 + Level 2.7 Armour
 + Level 3.4 Dodging
 - Level 4.5 Stealth
 + Level 0.2 Evocations


You had 4 spell levels left.
You didn't know any spells.
Your spell library contained the following spells:

 Spells                   Type           Power      Damage    Failure   Level
 Animate Skeleton         Necr           0%         N/A       56%         1
 Pain                     Necr           0%         1d4       56%         1
 Shock                    Conj/Air       0%         1d3       56%         1
 Sublimation of Blood     Necr           0%         N/A       71%         2
 Wereblood                Tmut           0%         N/A       71%         2
 Swiftness                Air            0%         N/A       90%         3
 Vampiric Draining        Necr           0%         2d6       90%         3
 Airstrike                Air            0%         N/A       100%        4
 Summon Hydra             Summ           0%         N/A       100%        7


Dungeon Overview and Level Annotations

Branches:
Dungeon (5/15)
 Temple: D:4-7

Altars:
Yredelemnul
Zin
The Shining One

Shops:
D:4 *

Annotations:
D:4 Grinder


Innate Abilities, Weirdness & Mutations

You are partially covered in rugged brown scales. (AC +1, +3% HP)
You regenerate magic rapidly.


Message History

You completely miss Grinder.
Grinder is severely wounded.
Grinder barely misses you.
You barely miss Grinder.
Grinder is severely wounded.
Grinder hits you but does no damage.
You hit Grinder but do no damage.
Grinder is severely wounded.
Grinder completely misses you. Grinder hits you.
* * * LOW HITPOINT WARNING * * *
Okay, then.
You hit Grinder but do no damage.
Grinder is severely wounded.
Grinder hits you but does no damage.
You barely miss Grinder.
Grinder is severely wounded.
Grinder hits you.
* * * LOW HITPOINT WARNING * * *
Unknown command.
It was a potion of cancellation.
You feel magically purged.
Grinder grins, showing sharp teeth.
Grinder gestures at you.
You suddenly lose the ability to move!
Grinder hits you but does no damage. x3
You can move again.
It was a potion of brilliance.
You feel clever all of a sudden.
The iguana hisses angrily.
Grinder hits you.
* * * LOW HITPOINT WARNING * * *
It was a potion of might.
You feel very mighty all of a sudden. Grinder hits you but does no damage.
You closely miss Grinder.
Grinder is severely wounded.
Grinder barely misses you.
You thump Grinder!
Grinder is almost dead.
Grinder hits you but does no damage. Grinder hits you.
You die...

........#**,,*****
**#......### ........# ****
###..### #.......# ##.###
##......# *#### #....###
##.....## ###...## #......##
##.....# ##......#
##........ ##....#
##.......# #.........
##...##
#........###.........
##...###...@5...##.#........
##..##.........##.#........
#...#..l.....##.##........ *
#...(#......###.###.......
***** ##.....##...###.##
*#...... ,,,,*
#.(.....#######.# *...[o#
,,,,* #.#......## #..#
*#...#*
***+###+###'###.####.####
*****
*,,*.......#..#..##.^#..#


You could see Grinder and an iguana.

Vanquished Creatures
  A water moccasin zombie (D:3)
  A water moccasin skeleton (D:4)
  A scorpion zombie (D:3)
  3 adders
  2 worms
  4 dart slugs
  6 ball pythons
  4 bats
  4 endoplasms
  4 giant cockroaches
  2 goblins
  5 hobgoblins
  4 jackals (D:4)
  2 kobolds (D:3)
  4 quokkas
  A frilled lizard (D:3)
  A quokka zombie (D:3)
  2 rats (D:1)
51 creatures vanquished.

Vanquished Creatures (others)
  7 fungi
  6 plants (D:2)
13 creatures vanquished.

Grand Total: 64 creatures vanquished

Notes
Turn   | Place    | Note
-------+----------+-------------------------------------------
     0 | D:5      | flotson the Demonspawn Delver began the quest for the Orb.
     0 | D:5      | Reached XP level 1. HP: 18/18 MP: 1/1
    14 | D:5      | Noticed a hound
    19 | D:5      | Noticed a hound
    56 | D:4      | Noticed an orc wizard
   222 | D:4      | Reached skill level 1 in Armour
   222 | D:4      | Gained mutation: You are partially covered in rugged brown
                  | scales. (AC +1, +3% HP) [demonic ancestry]
   222 | D:4      | Reached XP level 2. HP: 1/24 MP: 2/2
   222 | D:4      | Gained mutation: You regenerate magic rapidly. [demonic
                  | ancestry]
   222 | D:4      | Reached XP level 3. HP: 1/29 MP: 3/3
   564 | D:4      | Found Sanis's Assorted Antiques.
   587 | D:4      | Noticed a black bear
   868 | D:1      | Reached XP level 4. HP: 36/38 MP: 4/4
  1547 | D:2      | Found a faded altar of an unknown god.
  2154 | D:3      | Reached XP level 5. HP: 21/43 MP: 5/5
  2325 | D:3      | Found a basalt altar of Yredelemnul.
  3121 | D:4      | Noticed Grinder
  3133 | D:4      | Paralysed by Grinder for 3 turns
  3143 | D:4      | Paralysed by Grinder for 6 turns
  3154 | D:4      | HP: 2/44 [Grinder (5)]
  3155 | D:4      | Paralysed by Grinder for 4 turns
  3159 | D:4      | HP: 2/44 [Grinder (1)]
  3162 | D:4      | Slain by Grinder

Illustrated notes

Levels and vault maps discovered:
D:1:      psy_arrival_conway, layout_rooms, chequers_serial_rivers_large_b
D:2:      layout_basic, basic_altar, dreamdust_ecumenical_altar_grove
D:3:      layout_loops_corners, nicolae_yredelemnul_corpse_copse,
          grunt_ministairs_5
D:4:      layout_cave_pods, makhleb_blood_cavern_becter,
          mainiacjoe_overflow_24_doors, serial_shops, nicolae_square_shop,
          uniq_crazy_yiuf_cottage, uniq_grinder
D:5:      layout_loops_ring, grunt_gozag_breadcrumbs,
          minmay_temple_entry_junction, minmay_misc_feat_enclosed,
          minmay_misc_feat_x, uniq_pikel, uniq_edmund

Skill      XL: |  1  2  3  4 |
---------------+-------------+-----
Dodging        | 2 3 |  3.4
Armour         | 1 2 |  2.7
Fighting       | 4 |  4.3
Axes           | |  1.8
Throwing       | |  0.2
Stealth        | |  4.5
Evocations     | |  0.2

Action                   |  1- 3 |  4- 6 || total
-------------------------+-------+-------++-------
Melee: Hand axe          |    46 |       ||    46
       Trident           |    24 |       ||    24
       Quarterstaff      |       |   167 ||   167
Throw: Dart              |       |     2 ||     2
Evoke: Wand              |     1 |     2 ||     3
  Use: Scroll            |     2 |       ||     2
       Potion            |     1 |     3 ||     4
 Stab: Sleeping          |     4 |    12 ||    16
       Distracted        |       |     1 ||     1
Armor: Leather armour    |    15 |    21 ||    36
       Ring mail         |       |    23 ||    23
Dodge: Dodged            |    56 |   152 ||   208

Table legend: (Time is in decaauts)
 A = Elapsed time spent in this place.
 B = Non-inter-level travel time spent in this place.
 C = Inter-level travel time spent in this place.
 D = Time resting spent in this place.
 E = Time spent auto-exploring this place.
 F = Levels seen in this place.
 G = Mean time per level.
                   A        B        C        D        E       F      G
               +--------+--------+--------+--------+--------+-----+--------+
         Total |   3239 |   3184 |     55 |    376 |   2128 |   5 |  647.8 |
       Dungeon |   3239 |   3184 |     55 |    376 |   2128 |   5 |  647.8 |
               +--------+--------+--------+--------+--------+-----+--------+

Top non-repeatable levels by time:
     D:3: 1275 daAuts
     D:4: 658 daAuts
     D:1: 642 daAuts
     D:2: 636 daAuts
     D:5: 26 daAuts
